 Dungeon Crawl Stone Soup version 0.27.1-2-g3b301248ec (webtiles) character file.

Game seed: 4319869707113761124

2396 worthlessgem the Skirmisher (level 9, 0/68 HPs)
             Began as a Djinni Warper on Sept 24, 2021.
             Was a Follower of Makhleb.
             Slain by a killer bee (8 damage)
             ... on level 7 of the Dungeon.
             The game lasted 00:43:21 (6918 turns).

worthlessgem the Skirmisher (Djinni Warper)         Turns: 6918, Time: 00:43:22

Health: 0/68       AC:  7    Str: 11    XL:     9   Next: 74%
Gold:   235        EV: 12    Int: 18    God:    Makhleb [*.....] SH:  0 Dex: 12

rFire    + + .     SeeInvis .   a - +0 falchion (elec)
rCold    x . .     Faith    .   (no shield)
rNeg     . . .     Spirit   .   g - +0 leather armour
rPois    ∞         Reflect  .   s - +0 helmet
rElec    .         Harm     .   r - +0 cloak
rCorr    +         Rampage  .   m - +1 pair of gloves
Will     .....                  (boots unavailable)
Stlth    ++........             i - amulet of regeneration
HPRegen  1.21/turn              l - ring of resist corrosion
MPRegen  0.00/turn              (no ring)

@: flying
A: sickness immunity, fire resistance 2, cold vulnerability 1, float, innate
caster, hp casting, extra vitality 1
a: Renounce Religion


You were on level 7 of the Dungeon.
You worshipped Makhleb.
Makhleb was aware of your devotion.
You visited 1 branch of the dungeon, and saw 8 of its levels.

You collected 307 gold pieces.
You spent 72 gold pieces at shops.

Inventory:

Hand Weapons
 a - a +0 falchion of electrocution (weapon)
Missiles
 d - 5 boomerangs of dispersal
 n - 3 throwing nets
 p - 23 bolts
 q - 8 javelins
 t - 9 poisoned darts (quivered)
Armour
 g - a +0 leather armour (worn)
 m - a +1 pair of gloves (worn)
 r - a +0 cloak (worn)
 s - a +0 helmet (worn)
Jewellery
 i - an amulet of regeneration (around neck)
 l - a ring of resist corrosion (left hand)
Wands
 v - a wand of flame (23)
Scrolls
 b - a scroll of teleportation
 c - a scroll of blinking
 e - 2 scrolls of identify
 f - 2 scrolls of amnesia
 h - a scroll of holy word
 o - a scroll of magic mapping {unknown}
 u - 2 scrolls of enchant weapon {unknown}
 y - a scroll of torment {unknown}
Potions
 j - 3 potions of berserk rage
 k - a potion of brilliance
 w - a potion of haste
 x - 2 potions of magic
 z - 3 potions of flight


   Skills:
 - Level 7.2 Fighting
 - Level 7.0 Long Blades
 - Level 0.7 Throwing
 - Level 1.0 Armour
 + Level 3.7 Dodging
 + Level 2.3 Stealth
 - Level 5.1 Spellcasting


You couldn't memorise any spells.
You knew the following spells:

 Your Spells              Type           Power      Damage    Failure   Level
a - Blink                 Tloc           N/A        N/A       3%          2
b - Lesser Beckoning      Tloc           11%        N/A       6%          3
c - Gell's Gravitas       Tloc           11%        N/A       6%          3
d - Teleport Other        Tloc           23%        N/A       6%          3
e - Manifold Assault      Tloc           23%        N/A       50%         5
f - Summon Small Mammal   Summ           92%        N/A       1%          1
g - Searing Ray           Conj           46%        3d4       3%          2
h - Call Canine Familiar  Summ           23%        N/A       6%          3
i - Ice Form              Ice/Tmut       23%        N/A       21%         4
Your spell library was empty.

Dungeon Overview and Level Annotations

Branches:
Dungeon (8/15)             Temple (0/1) D:6
   Lair: D:8-11

Altars:
Cheibriados
Dithmenos
Gozag
Makhleb
Nemelex Xobeh
Uskayaw
Xom
The Shining One
Lugonu

Shops:
D:4 *

Annotations:
D:7 2 transporters


Innate Abilities, Weirdness & Mutations

You are immune to sickness and miasma.
You are immune to poison.
Your flesh is very heat resistant. (rF++)
You are vulnerable to cold. (rC-)
You float through the air rather than walking.
You learn spells naturally, not from books.
Your magical power is your life essence.
You have superior vitality. (+4 HP)


Message History

The killer bee stings you.
* * * LOW HITPOINT WARNING * * *
Okay, then.
Okay, then.
Blink to where?
Press: ? - help, Dir - move target
As you read the scroll of blinking, it crumbles to dust.
Okay, then.
Okay, then.
Casting: Blink (safe; 3% risk of failure)
Confirm with . or Enter, or press ? or * to list all spells.
* * * LOW HITPOINT WARNING * * *
The killer bee stings you.
* * * LOW HITPOINT WARNING * * *
Blink to where?
Press: ? - help, Dir - move target
As you read the scroll of blinking, it crumbles to dust.
Your hound closely misses the killer bee. x2
You are too injured to fight recklessly!
Throw: 10 darts (poison)
Press: ? - help, Q - select action, (/) - cycle Shift-Dir - straight line, f - killer bee
Aim: a killer bee (almost dead, ally target, 31% to hit)
You throw a poisoned dart. The poisoned dart hits the killer bee.
The killer bee is almost dead.
Aiming: Throw Flame
Press: ? - help, Shift-Dir - straight line, f/p - killer bee
Aim: a killer bee (almost dead, ally target, 39% to hit)
The puff of flame misses the killer bee.
Aiming: Throw Flame
Press: ? - help, Shift-Dir - straight line, f/p - killer bee
Aim: a killer bee (almost dead, ally target, 39% to hit)
The puff of flame misses the killer bee.
The killer bee stings you but does no damage.
Aiming: Throw Flame
Press: ? - help, Shift-Dir - straight line, f/p - killer bee
Aim: a killer bee (almost dead, ally target, 39% to hit)
The puff of flame misses the killer bee.
The killer bee stings you but does no damage.
The killer bee stings you!
You die...

###################
#.@................
#y#..#...##..#.#..#
#h#.........).#.#..
#.#.#......##..##.#
#.#.####..###.#####
#.#################
##(# #..........##..
##..###.........=##..
#................##..


You could see a killer bee (ally target) and a friendly hound (summoned).

Vanquished Creatures
  Pikel (D:6)
  Eustachio (D:6)
  An orc warrior (D:7)
  2 centaurs (D:7)
  2 lemures (D:6)
  2 bullfrogs (D:7)
  3 scorpions (D:5)
  A wyvern zombie (D:6)
  A killer bee (D:8)
  A nameless horror (D:6)
  2 bullfrog zombies (D:6)
  3 centaur zombies
  A bullfrog skeleton (D:5)
  2 jellies
  An orc priest (D:7)
  A hound (D:5)
  A gnoll shaman (D:6)
  3 iguanas
  3 orc wizards
  A killer bee zombie (D:6)
  A hound skeleton (D:5)
  2 howler monkey zombies (D:6)
  8 gnolls
  3 adders
  A howler monkey skeleton (D:5)
  2 white imps (D:6)
  An ufetubus (D:7)
  7 dart slugs
  13 orcs
  4 bats
  2 endoplasms
  4 giant cockroaches
  2 goblins
  6 hobgoblins
  3 jackals (D:1)
  7 ball pythons
  2 frilled lizards (D:1)
  6 kobolds
  4 rats
111 creatures vanquished.

Vanquished Creatures (collateral kills)
  Sigmund (D:3)
  A hornet zombie (D:6)
  2 ogres
  A phantom (D:3)
  A water moccasin zombie (D:5)
  A centaur zombie (D:6)
  A hound (D:5)
  A bullfrog skeleton (D:6)
  A shadow imp (D:6)
  A worm (D:5)
  A goblin (D:4)
  A kobold (D:3)
13 creatures vanquished.

Vanquished Creatures (others)
  A withered plant (D:6)
1 creature vanquished.

Grand Total: 125 creatures vanquished

Notes
Turn   | Place    | Note
-------+----------+-------------------------------------------
     0 | D:1      | worthlessgem the Djinni Warper began the quest for the Orb.
     0 | D:1      | Reached XP level 1. HP: 18/18 MP: 0/0
   350 | D:1      | Reached XP level 2. HP: 14/23 MP: 0/0
   758 | D:1      | Found a faded altar of an unknown god.
  1037 | D:1      | Reached XP level 3. HP: 18/28 MP: 0/0
  1037 | D:1      | Learned a level 1 spell: Summon Small Mammal
  2814 | D:3      | Reached XP level 4. HP: 31/33 MP: 0/0
  2837 | D:4      | Found a shimmering altar of Xom.
  3002 | D:4      | Found Leday's General Store.
  3116 | D:4      | Found a glowing golden altar of the Shining One.
  3212 | D:4      | Found a shadowy altar of Dithmenos.
  3265 | D:4      | Noticed a phantom
  3633 | D:5      | Entered Level 5 of the Dungeon
  3639 | D:5      | Reached XP level 5. HP: 29/38 MP: 0/0
  3639 | D:5      | Learned a level 2 spell: Searing Ray
  3669 | D:5      | Noticed a black bear
  4057 | D:5      | Reached XP level 6. HP: 43/43 MP: 0/0
  4126 | D:5      | Reached skill level 5 in Spellcasting
  4358 | D:5      | Noticed an ogre
  4384 | D:5      | Killed an ogre
  4442 | D:5      | Reached XP level 7. HP: 44/50 MP: 0/0
  4442 | D:5      | Learned a level 3 spell: Call Canine Familiar
  4513 | D:5      | Found a burning altar of Makhleb.
  4513 | D:5      | Noticed a balrug
  4516 | D:5      | Noticed a smoke demon
  4516 | D:5      | Noticed an orange demon
  4576 | D:5      | Found a hide-covered altar of Uskayaw.
  4576 | D:5      | Found a sparkling altar of Nemelex Xobeh.
  4720 | D:5      | Became a worshipper of Makhleb the Destroyer
  4922 | D:3      | Noticed Sigmund
  4933 | D:3      | Killed Sigmund
  5237 | D:4      | Bought a scroll of identify for 24 gold pieces
  5242 | D:4      | Bought 5 javelins for 48 gold pieces
  5300 | D:6      | Noticed Eustachio
  5387 | D:6      | Noticed Pikel
  5409 | D:6      | Killed Pikel
  5410 | D:6      | Reached skill level 5 in Fighting
  5410 | D:6      | Reached skill level 5 in Long Blades
  5410 | D:6      | Reached XP level 8. HP: 19/61 MP: 0/0
  5679 | D:6      | Killed Eustachio
  5774 | D:6      | Reached XP level 9. HP: 48/66 MP: 0/0
  5774 | D:6      | Learned a level 4 spell: Ice Form
  5785 | D:5      | Reached * piety under Makhleb
  6185 | D:6      | Found a staircase to the Ecumenical Temple.
  6262 | D:6      | Found an opulent altar of Gozag.
  6332 | D:7      | Found a transporter.
  6332 | D:7      | Noticed a green ugly thing
  6333 | D:7      | Found a corrupted altar of Lugonu.
  6333 | D:7      | Noticed a green ugly thing
  6334 | D:7      | Noticed a cyan ugly thing
  6497 | D:7      | Found a transporter.
  6552 | D:7      | Reached skill level 1 in Stealth
  6596 | D:7      | Found a snail-covered altar of Cheibriados.
  6892 | D:8      | HP: 1/68 [orc priest/divine providence (10)]
  6913 | D:7      | HP: 2/68 [killer bee (6)]
  6918 | D:7      | Slain by a killer bee

Illustrated notes

Levels and vault maps discovered:
D:1:      nicolae_arrival_washed_ashore, layout_basic,
          ebering_ecumenical_altar_rust
D:2:      layout_loops_ring
D:3:      layout_basic, uniq_sigmund
D:4:      layout_gridville, mainiacjoe_overflow_paths, grunt_dithmenos_smoke,
          tso_oasis_becter, serial_shops, nicolae_stop_n_shop_2,
          chequers_serial_rivers_large_b
D:5:      layout_rooms, gammafunk_temple_overflow_elements,
          makhleb_altar_promises_db, kennysheep_generic_room_10
D:6:      layout_rooms, mainiacjoe_overflow_cross_hatched,
          minmay_temple_entry_glass, serial_undead, serial_undead_d,
          serial_undead_d, serial_undead_b, serial_undead_d, serial_undead_a,
          serial_undead_c, hangedman_abyss_or_decor_stabs, uniq_eustachio,
          uniq_pikel
D:7:      gammafunk_corrupted_shrine, layout_rooms, kennysheep_slug_shrine,
          columned_hall_lemuel, minmay_misc_feat_rugged
D:8:      layout_loops_ring, chequers_avenue

Skill      XL: |  1  2  3  4  5  6  7  8  9 |
---------------+----------------------------+-----
Spellcasting   | 3 4 5 |  5.1
Long Blades    | 3 5 6 7 |  7.0
Fighting       | 3 5 6 7 |  7.2
Stealth        | 2 |  2.3
Dodging        | 3 |  3.7
Throwing       | |  0.7
Armour         | |  1.0

Action                   |  1- 3 |  4- 6 |  7- 9 || total
-------------------------+-------+-------+-------++-------
Melee: Falchion          |   123 |    50 |   146 ||   319
       Unarmed           |       |       |    15 ||    15
 Fire: Hunting sling     |    13 |    91 |       ||   104
Throw: Dart              |       |     3 |     3 ||     6
 Cast: Blink             |       |     7 |    14 ||    21
       Summon Small Mamm |       |     2 |    22 ||    24
       Teleport Other    |       |     8 |     6 ||    14
       Searing Ray       |       |     5 |    16 ||    21
       Call Canine Famil |       |       |    18 ||    18
       Gell's Gravitas   |       |       |     6 ||     6
       Ice Form          |       |       |     3 ||     3
 Abil: End Transformatio |       |       |     1 ||     1
Evoke: Wand              |       |       |     3 ||     3
  Use: Scroll            |       |       |    14 ||    14
 Stab: Distracted        |       |       |     1 ||     1
       Sleeping          |       |       |     1 ||     1
Armor: Leather armour    |    38 |    19 |    64 ||   121
       Skin              |       |       |     8 ||     8
Dodge: Dodged            |    99 |    64 |   166 ||   329
       Rpst.: Falchion   |    27 |    13 |    48 ||    88
